 Dungeon Crawl Stone Soup version 0.25.1-8-g42b30a86e7 (webtiles) character file.

Game seed: 16406609760148895782

2159 Abzac the Cleaver (level 9, 0/81 HPs)
             Began as a Hill Orc Fighter on Dec 21, 2020.
             Was a Priest of Trog.
             Killed from afar by a gnoll (12 damage)
             ... with a bolt of acid
             ... on level 6 of the Dungeon.
             The game lasted 00:12:15 (5770 turns).

Abzac the Cleaver (Hill Orc Fighter)                Turns: 5770, Time: 00:12:15

Health: 0/81       AC: 14    Str: 22    XL:     9   Next: 31%
Magic:  9/9        EV:  4    Int:  8    God:    Trog [***...]
Gold:   348        SH:  9    Dex: 10    Spells: 8/8 levels left

rFire    . . .     SeeInvis .   a - +0 war axe
rCold    . . .     Gourm    .   c - +0 kite shield
rNeg     . . .     Faith    .   l - +0 plate armour
rPois    .         Spirit   .   y - +0 helmet
rElec    .         Reflect  .   q - +2 cloak
rCorr    .         Harm     .   (no gloves)
MR       .....                  (no boots)
Stlth    ..........             (no amulet)
HPRegen  0.23/turn              (no ring)
MPRegen  0.11/turn              (no ring)

@: corroded, lightly drained
A: no striking features
a: Berserk, Trog's Hand, Renounce Religion


You were on level 6 of the Dungeon.
You worshipped Trog.
Trog was most pleased with you.
You were not hungry.

You visited 1 branch of the dungeon, and saw 6 of its levels.

You collected 348 gold pieces.

Inventory:

Hand Weapons
 a - a +0 war axe (weapon)
 p - the +11 mace of Ciep {venom, Str-4 Dex+6, unknown}
   (You found it on level 5 of the Dungeon)

   It poisons the flesh of those it strikes.
   It affects your strength (-4).
   It affects your dexterity (+6).
 C - a +1 flail of venom
 D - the cursed +1 dagger "Orb Guardian's Peril" {freeze, MR+, unknown}
   (You found it on level 5 of the Dungeon)

   It has been specially enchanted to freeze those struck by it, causing extra
   injury to most foes and up to half again as much damage against particularly
   susceptible opponents.
   It can also slow down cold-blooded creatures.
   It affects your resistance to hostile enchantments.
   It has a curse placed upon it.
Armour
 b - a +0 scale mail
 c - a +0 kite shield (worn)
 l - a +0 plate armour (worn)
 q - a +2 cloak (worn)
 w - a scarf of harm
 y - a +0 helmet (worn)
Jewellery
 e - an uncursed amulet of guardian spirit {unknown}
Wands
 B - a wand of flame (28)
Scrolls
 g - 2 scrolls of remove curse
 i - 2 scrolls of teleportation
 j - a scroll of blinking
 k - a scroll of enchant weapon {unknown}
 o - a scroll of enchant armour {unknown}
 r - a scroll of noise {unknown}
 u - a scroll of amnesia {unknown}
 x - a scroll of random uselessness {unknown}
 z - 3 scrolls of fog {unknown}
 E - 2 scrolls of immolation {unknown}
 I - a scroll of magic mapping {unknown}
Potions
 d - 3 potions of might
 h - 6 potions of curing {unknown}
 m - 2 potions of heal wounds {unknown}
 n - a potion of ambrosia {unknown}
 s - a potion of invisibility {unknown}
 t - a potion of flight {unknown}
 v - a potion of magic {unknown}
 A - 2 potions of brilliance {unknown}
 F - a potion of degeneration {unknown}
 G - 2 potions of mutation {unknown}
 H - a potion of stabbing {unknown}
Comestibles
 f - 12 rations


   Skills:
 + Level 8.2(8.1) Fighting
 - Level 11.0 Axes
 + Level 7.5(7.4) Armour
 - Level 3.2 Shields


You had 8 spell levels left.
You didn't know any spells.
Your spell library contained the following spells:

 Spells                   Type           Power        Failure   Level  Hunger
 Animate Skeleton         Necr           N/A          100%        1    ##.....
 Apportation              Tloc           #.....       100%        1    ##.....
 Corona                   Hex            #......      100%        1    ##.....
 Summon Small Mammal      Summ           #...         100%        1    ##.....


Dungeon Overview and Level Annotations

Branches:
Dungeon (6/15)             Temple (0/1) D:4

Altars:
Elyvilon
Sif Muna
Trog
Xom
The Shining One

Shops:
D:4 (


Message History

You are too injured to fight recklessly!
You are too injured to fight recklessly!
You are too injured to fight recklessly!
You are too injured to fight recklessly!
You are too injured to fight recklessly!
You are too injured to fight recklessly!
You are too injured to fight recklessly!
You are too injured to fight recklessly!
Unknown command.
You are too injured to fight recklessly!
You are too injured to fight recklessly!
You are too injured to fight recklessly!
You completely miss the gnoll.
The gnoll zaps a wand.
The bolt of acid hits you!
* * * LOW HITPOINT WARNING * * *
You are splashed with acid!
* * * LOW HITPOINT WARNING * * *
You hit the gnoll but do no damage.
The gnoll zaps a wand.
The bolt of acid hits you!
You die...

### #.# ..# #.####
#.##.. #.##.# #.##.#
#.# #.##.# #.###
###.##@##.######
#.##.
......g.........##
#.##.
####.##+##.......#
#.##. ..
#......####.# #.##.
... #......# #.#
#.##. ## ........<#
#.###.##.
#############..##....
.......<.......
########..#####


You could see a gnoll.

Vanquished Creatures
  Edmund (D:4)
  2 sky beasts
  An orc warrior (D:6)
  A phantom (D:4)
  4 ogres
  A gnoll sergeant (D:6)
  A water moccasin skeleton (D:5)
  3 scorpions (D:6)
  3 wights (D:6)
  A crimson imp (D:6)
  A centaur zombie (D:6)
  2 orc priests (D:5)
  3 hounds
  A jelly (D:5)
  Crazy Yiuf (D:5)
  2 bullfrog skeletons
  3 orc wizards
  Terence (D:3)
  2 iguanas
  6 worker ants
  A hound zombie (D:5)
  8 gnolls
  9 adders
  A shadow imp (D:5)
  An ooze (D:5)
  An adder skeleton (D:4)
  An adder zombie (D:5)
  4 dart slugs
  5 leopard geckos
  19 orcs
  2 ball pythons
  6 giant cockroaches
  11 goblins
  5 hobgoblins
  4 jackals (D:6)
  4 quokkas
  13 bats
  5 frilled lizards
  14 kobolds
  7 rats
161 creatures vanquished.

Notes
Turn   | Place    | Note
-------+----------+-------------------------------------------
     0 | D:1      | Abzac the Hill Orc Fighter began the quest for the Orb.
     0 | D:1      | Reached XP level 1. HP: 19/19 MP: 1/1
    43 | D:1      | Reached skill level 3 in Axes
   240 | D:1      | Reached XP level 2. HP: 14/26 MP: 2/2
   441 | D:1      | Reached skill level 4 in Axes
   926 | D:1      | Reached XP level 3. HP: 31/31 MP: 3/3
  1232 | D:2      | Reached skill level 5 in Axes
  1375 | D:2      | Found a white marble altar of Elyvilon.
  1376 | D:2      | Found a shimmering blue altar of Sif Muna.
  1376 | D:2      | Found a shimmering altar of Xom.
  1376 | D:2      | Found a bloodstained altar of Trog.
  1427 | D:2      | Became a worshipper of Trog the Wrathful
  1546 | D:2      | Reached XP level 4. HP: 39/39 MP: 4/4
  1574 | D:2      | Found a glowing golden altar of the Shining One.
  1758 | D:2      | Reached skill level 6 in Axes
  2064 | D:3      | Reached * piety under Trog
  2402 | D:3      | Reached XP level 5. HP: 42/45 MP: 5/5
  2402 | D:3      | Noticed Terence
  2415 | D:3      | Reached skill level 7 in Axes
  2422 | D:3      | Killed Terence
  3031 | D:4      | Noticed an ogre
  3041 | D:4      | Killed an ogre
  3041 | D:4      | Reached skill level 8 in Axes
  3041 | D:4      | Reached XP level 6. HP: 51/51 MP: 6/6
  3081 | D:4      | Reached skill level 9 in Axes
  3084 | D:4      | Reached XP level 7. HP: 57/57 MP: 7/7
  3430 | D:4      | Reached skill level 10 in Axes
  3469 | D:4      | Found a staircase to the Ecumenical Temple.
  3505 | D:4      | Reached ** piety under Trog
  3585 | D:4      | Noticed Edmund
  3598 | D:4      | Killed Edmund
  3599 | D:4      | Reached skill level 11 in Axes
  3758 | D:4      | Found Ruynwoev's Weapon Shoppe.
  3860 | D:5      | Entered Level 5 of the Dungeon
  3873 | D:5      | Reached XP level 8. HP: 66/66 MP: 8/8
  4164 | D:5      | Reached skill level 5 in Fighting
  4232 | D:5      | Got a scorched dagger
  4285 | D:5      | Reached skill level 5 in Armour
  4581 | D:5      | Found a runed translucent door.
  4582 | D:5      | Noticed Crazy Yiuf
  4786 | D:5      | Killed Crazy Yiuf
  4791 | D:5      | Got a twisted mace
  5073 | D:6      | Reached *** piety under Trog
  5076 | D:6      | Reached XP level 9. HP: 79/79 MP: 9/9
  5610 | D:6      | Found a sand-covered staircase.
  5770 | D:6      | Killed from afar by a gnoll

Illustrated notes

Levels and vault maps discovered:
D:1:      grunt_arrival_crossed_arrows, layout_basic
D:2:      minmay_alternating_diamond, layout_loops_ring,
          chequers_temple_overflow_statue_of_worship, lemuel_crystal_altar,
          first_ration
D:3:      layout_loops_ring, uniq_terence
D:4:      layout_basic, temple_green, serial_shops, nicolae_shop_statue_plus,
          hangedman_decor_slide_cut, kennysheep_generic_room_14, uniq_edmund
D:5:      layout_rooms, kennysheep_nub, uniq_crazy_yiuf_cottage
D:6:      layout_basic, kennysheep_mini, nicolae_ossuary_entry_ruins

Skill      XL: |  1  2  3  4  5  6  7  8  9 |
---------------+----------------------------+-----
Axes           | 3 4 5 6 8 9 11 | 11.0
Fighting       | 4 7 8 |  8.2
Armour         | 6 7 |  7.5
Shields        | |  3.2

Action                   |  1- 3 |  4- 6 |  7- 9 || total
-------------------------+-------+-------+-------++-------
Melee: War axe           |   124 |   162 |   288 ||   574
Invok: Berserk           |       |     2 |     5 ||     7
  Use: Scroll            |       |       |     5 ||     5
  Eat: Chunk             |     2 |     7 |    10 ||    19
       Ration            |       |       |     1 ||     1
Armor: Scale mail        |    35 |       |       ||    35
       Plate armour      |    26 |   114 |   148 ||   288
Dodge: Dodged            |    35 |    22 |    33 ||    90
Block: Kite shield       |    71 |    89 |   100 ||   260
